% Time on Ice - CALGARY FIREMEN
Lines # - Real PCT - Wanted PCT - Time Play
Normal Forward
1 - 32% - 34% - 15:07
2 - 33% - 34% - 15:35
3 - 23% - 24% - 11:02
4 - 12% - 8% - 5:36
Normal Defense
1 - 36% - 34% - 16:52
2 - 35% - 34% - 16:25
3 - 26% - 24% - 12:07
4 - 4% - 8% - 1:56
PP Forward
1 - 50% - 50% - 2:57
2 - 50% - 50% - 3:00
PP Defense
1 - 54% - 50% - 3:12
2 - 46% - 50% - 2:45
PK Forward
1 - 63% - 55% - 3:44
2 - 37% - 45% - 2:13
PK Defense
1 - 39% - 55% - 2:18
2 - 61% - 45% - 3:39
PK3 Forward
1 - 0% - 55%
2 - 0% - 45%
PK3 Defense
1 - 0% - 55%
2 - 0% - 45%
44 Forward
1 - 0% - 50%
2 - 0% - 50%
44 Defense
1 - 0% - 50%
2 - 0% - 50%
Last Minute Offensive  - 0:00
Last Minute Defensive  - 0:46
Total
Forward - 60:00
Defense - 60:00
% Time on Ice - VANCOUVER VOODOO
Lines # - Real PCT - Wanted PCT - Time Play
Normal Forward
1 - 34% - 36% - 16:06
2 - 32% - 31% - 14:59
3 - 22% - 23% - 10:09
4 - 12% - 10% - 5:53
Normal Defense
1 - 36% - 36% - 16:57
2 - 30% - 33% - 14:17
3 - 31% - 31% - 14:40
4 - 3% - 0% - 1:13
PP Forward
1 - 48% - 50% - 2:52
2 - 52% - 50% - 3:05
PP Defense
1 - 70% - 50% - 4:11
2 - 30% - 50% - 1:46
PK Forward
1 - 47% - 50% - 2:49
2 - 53% - 50% - 3:08
PK Defense
1 - 51% - 50% - 3:01
2 - 49% - 50% - 2:56
PK3 Forward
1 - 0% - 50%
2 - 0% - 50%
PK3 Defense
1 - 0% - 50%
2 - 0% - 50%
44 Forward
1 - 0% - 55%
2 - 0% - 45%
44 Defense
1 - 0% - 50%
2 - 0% - 50%
Last Minute Offensive  - 0:59
Last Minute Defensive  - 0:00
Total
Forward - 60:00
Defense - 60:00
Play-by-Play 1st period 0:01 of 1st period - Mikael Backlund wins face-off versus Ryan Johansen in neutral zone. 0:06 of 1st period - Shot by Artturi Lehkonen. 0:06 of 1st period - Stopped by Antti Raanta without a rebound. 0:07 of 1st period - Noel Acciari wins face-off versus Brendan Gallagher in CALGARY FIREMEN zone. 0:12 of 1st period - Shot by Noel Acciari. 0:12 of 1st period - Shot Misses the Net. 0:38 of 1st period - Shot by Brendan Gallagher. 0:38 of 1st period - Shot Misses the Net. 0:51 of 1st period - Tomas Tatar is hit by Slater Koekkoek and loses puck. 1:06 of 1st period - Off-side. 1:07 of 1st period - Ryan Johansen wins face-off versus Mikael Backlund in neutral zone. 1:43 of 1st period - Minor Penalty to Colin White for Tripping. 1:44 of 1st period - Ryan Johansen wins face-off versus Andrew Shaw in VANCOUVER VOODOO zone. 2:15 of 1st period - Shot by Ryan Johansen. 2:15 of 1st period - Stopped by Carey Price without a rebound. 2:16 of 1st period - Joel Armia wins face-off versus Adam Henrique in VANCOUVER VOODOO zone. 2:24 of 1st period - Icing by Jared Spurgeon. 2:25 of 1st period - Adam Henrique wins face-off versus Joel Armia in CALGARY FIREMEN zone. 4:07 of 1st period - Shot by Joakim Nygard. 4:07 of 1st period - Shot Misses the Net. 4:14 of 1st period - Icing by Mike Green. 4:15 of 1st period - Brett Howden wins face-off versus Bryan Little in VANCOUVER VOODOO zone. 4:24 of 1st period - Shot by Oskar Lindblom. 4:24 of 1st period - Stopped by Carey Price without a rebound. 4:25 of 1st period - Jared McCann wins face-off versus Ryan Johansen in VANCOUVER VOODOO zone. 4:46 of 1st period - Shot by Jared Spurgeon. 4:46 of 1st period - Shot Misses the Net. 5:06 of 1st period - Andrew Shaw is hit by Filip Forsberg and loses puck. 5:25 of 1st period - Icing by Andy Greene. 5:26 of 1st period - Mikael Backlund wins face-off versus Adam Henrique in CALGARY FIREMEN zone. 6:32 of 1st period - Shot by Joel Armia. 6:32 of 1st period - Stopped by Antti Raanta without a rebound. 6:33 of 1st period - Bryan Little wins face-off versus Sonny Milano in CALGARY FIREMEN zone. 7:05 of 1st period - Shot by Bryan Little. 7:05 of 1st period - Shot Misses the Net. 7:34 of 1st period - Icing by Mike Green. 7:35 of 1st period - Bryan Little wins face-off versus Ryan Johansen in VANCOUVER VOODOO zone. 7:35 of 1st period - Bryan Little is hit by Ryan Johansen. 8:11 of 1st period - Shot by Ryan Johansen. 8:11 of 1st period - Stopped by Carey Price without a rebound. 8:12 of 1st period - Noel Acciari wins face-off versus Adam Henrique in VANCOUVER VOODOO zone. 8:23 of 1st period - Icing by Noel Acciari. 8:24 of 1st period - Noel Acciari wins face-off versus Frans Nielsen in VANCOUVER VOODOO zone. 9:50 of 1st period - Jared Spurgeon is hit by Blake Comeau and loses puck. 10:25 of 1st period - Shot by Mikael Backlund. 10:25 of 1st period - Shot Misses the Net. 10:27 of 1st period - Shot by Artturi Lehkonen. 10:27 of 1st period - Stopped by Antti Raanta without a rebound. 10:28 of 1st period - Adam Henrique wins face-off versus Brendan Lemieux in CALGARY FIREMEN zone. 10:35 of 1st period - Shot by Tomas Tatar. 10:35 of 1st period - Stopped by Carey Price without a rebound. 10:36 of 1st period - Adam Henrique wins face-off versus Jared McCann in VANCOUVER VOODOO zone. 10:39 of 1st period - Shot by Brendan Gallagher. 10:39 of 1st period - Stopped by Carey Price without a rebound. 10:40 of 1st period - Adam Henrique wins face-off versus Mikael Backlund in VANCOUVER VOODOO zone. 10:49 of 1st period - Shot by Brendan Gallagher. 10:49 of 1st period - Deflect By Adam Henrique. 10:49 of 1st period - Shot Misses the Net. 11:06 of 1st period - Shot by Adam Henrique. 11:06 of 1st period - Stopped by Carey Price with a rebound. 11:08 of 1st period - Shot by Brendan Gallagher. 11:08 of 1st period - Shot Misses the Net. 11:10 of 1st period - Shot by Jake McCabe. 11:10 of 1st period - Stopped by Carey Price without a rebound. 11:11 of 1st period - Jared McCann wins face-off versus Oskar Lindblom in VANCOUVER VOODOO zone. 11:28 of 1st period - Shot by Brendan Lemieux. 11:28 of 1st period - Goal by Brendan Lemieux - CALGARY FIREMEN : 0 - VANCOUVER VOODOO : 1. 11:29 of 1st period - Bryan Little wins face-off versus Ryan Johansen in neutral zone. 11:42 of 1st period - Shot by Filip Forsberg. 11:42 of 1st period - Stopped by Carey Price without a rebound. 11:43 of 1st period - Colin White wins face-off versus Brett Howden in VANCOUVER VOODOO zone. 12:10 of 1st period - Shot by Mikael Backlund. 12:10 of 1st period - Stopped by Antti Raanta without a rebound. 12:11 of 1st period - Adam Henrique wins face-off versus Jared McCann in CALGARY FIREMEN zone. 12:11 of 1st period - Adam Henrique is hit by Brendan Lemieux. 12:37 of 1st period - Shot by Adam Henrique. 12:37 of 1st period - Shot Misses the Net. 12:44 of 1st period - Tomas Tatar is hit by Mathew Dumba and loses puck. 13:18 of 1st period - Shot by Mikael Backlund. 13:18 of 1st period - Stopped by Antti Raanta without a rebound. 13:19 of 1st period - Noel Acciari wins face-off versus Viktor Arvidsson in CALGARY FIREMEN zone. 13:37 of 1st period - Shot by Noel Acciari. 13:37 of 1st period - Shot Blocked by Jonathon Merrill. 13:43 of 1st period - Shot by Blake Comeau. 13:43 of 1st period - Stopped by Antti Raanta with a rebound. 13:45 of 1st period - Shot by Jarred Tinordi. 13:45 of 1st period - Shot Blocked by Jonathon Merrill. 13:47 of 1st period - Shot by Joel Armia. 13:47 of 1st period - Shot Misses the Net. 15:10 of 1st period - Brett Howden is hit by Brendan Lemieux. 15:41 of 1st period - Off-side. 15:42 of 1st period - Noel Acciari wins face-off versus Frans Nielsen in neutral zone. 15:53 of 1st period - Shot by Noel Acciari. 15:53 of 1st period - Shot Misses the Net. 16:01 of 1st period - Jared Spurgeon is hit by Noel Acciari and loses puck. 16:58 of 1st period - Shot by Artturi Lehkonen. 16:58 of 1st period - Stopped by Antti Raanta with a rebound. 17:00 of 1st period - Shot by Colin White. 17:00 of 1st period - Shot Misses the Net. 18:48 of 1st period - Shot by Viktor Arvidsson. 18:48 of 1st period - Shot Blocked by Slater Koekkoek. 18:50 of 1st period - Shot by Filip Forsberg. 18:50 of 1st period - Shot Misses the Net. 18:52 of 1st period - Shot by Jake McCabe. 18:52 of 1st period - Shot Blocked by Mike Green. 18:54 of 1st period - Shot by Viktor Arvidsson. 18:54 of 1st period - Stopped by Carey Price without a rebound. 18:55 of 1st period - Mikael Backlund wins face-off versus Brett Howden in VANCOUVER VOODOO zone. 19:09 of 1st period - Mikael Backlund is hit by Ryan Graves and loses puck. 19:24 of 1st period - Shot by Oskar Lindblom. 19:24 of 1st period - Shot Misses the Net. 19:26 of 1st period - Shot by Ryan Graves. 19:26 of 1st period - Deflect By Oskar Lindblom. 19:26 of 1st period - Shot Misses the Net. 19:30 of 1st period - Shot by Brett Howden. 19:30 of 1st period - Shot Misses the Net. 19:32 of 1st period - Shot by Brett Howden. 19:32 of 1st period - Stopped by Carey Price without a rebound. 19:33 of 1st period - Ryan Johansen wins face-off versus Noel Acciari in VANCOUVER VOODOO zone. 19:33 of 1st period - Ryan Johansen is hit by Mathew Dumba. 19:49 of 1st period - Noel Acciari is hit by Viktor Arvidsson and loses puck. Goals for this period are 0 for CALGARY FIREMEN vs 1 for VANCOUVER VOODOO. Shots for this period are 10 for CALGARY FIREMEN vs 8 for VANCOUVER VOODOO. 2nd period 0:01 of 2nd period - Mikael Backlund wins face-off versus Ryan Johansen in neutral zone. 0:26 of 2nd period - Shot by Filip Forsberg. 0:26 of 2nd period - Stopped by Carey Price without a rebound. 0:27 of 2nd period - Noel Acciari wins face-off versus Brett Howden in VANCOUVER VOODOO zone. 0:44 of 2nd period - Shot by Blake Comeau. 0:44 of 2nd period - Stopped by Antti Raanta without a rebound. 0:45 of 2nd period - Mikael Backlund wins face-off versus Ryan Johansen in CALGARY FIREMEN zone. 0:48 of 2nd period - Shot by Mikael Backlund. 0:48 of 2nd period - Stopped by Antti Raanta without a rebound. 0:49 of 2nd period - Mikael Backlund wins face-off versus Brett Howden in CALGARY FIREMEN zone. 0:54 of 2nd period - Shot by Artturi Lehkonen. 0:54 of 2nd period - Stopped by Antti Raanta without a rebound. 0:55 of 2nd period - Ryan Johansen wins face-off versus Blake Comeau in CALGARY FIREMEN zone. 0:57 of 2nd period - Icing by Filip Forsberg. 0:58 of 2nd period - Ryan Johansen wins face-off versus Mikael Backlund in CALGARY FIREMEN zone. 1:29 of 2nd period - Shot by Ryan Johansen. 1:29 of 2nd period - Shot Misses the Net. 1:31 of 2nd period - Shot by Jared Spurgeon. 1:31 of 2nd period - Shot Blocked by Mathew Dumba. 1:41 of 2nd period - Shot by Ryan Johansen. 1:41 of 2nd period - Shot Misses the Net. 1:43 of 2nd period - Shot by Filip Forsberg. 1:43 of 2nd period - Shot Blocked by Mathew Dumba. 2:27 of 2nd period - Shot by Brett Howden. 2:27 of 2nd period - Deflect By Oskar Lindblom. 2:27 of 2nd period - Stopped by Carey Price without a rebound. 2:28 of 2nd period - Adam Henrique wins face-off versus Jared McCann in VANCOUVER VOODOO zone. 2:57 of 2nd period - Minor Penalty to Tomas Tatar for Delaying the game. 2:58 of 2nd period - Frans Nielsen wins face-off versus Bryan Little in CALGARY FIREMEN zone. 2:58 of 2nd period - Frans Nielsen is hit by Brendan Lemieux. 4:31 of 2nd period - Off-side. 4:32 of 2nd period - Bryan Little wins face-off versus Brett Howden in neutral zone. 4:55 of 2nd period - Shot by Joel Armia. 4:55 of 2nd period - Shot Misses the Net. 4:57 of 2nd period - Shot by Mathew Dumba. 4:57 of 2nd period - Stopped b